 Dungeon Crawl Stone Soup version 0.29-a0-972-g43c84944fd (webtiles) character file.

Game seed: 2473005833401972865

20 Glafi the Shield-Bearer (level 2, -2/27 HPs)
             Began as a Minotaur Fighter on July 31, 2022.
             Slain by a gnoll
             ... wielding a +0 halberd
              (7 damage)
             ... on level 2 of the Dungeon.
             The game lasted 00:05:05 (669 turns).

Glafi the Shield-Bearer (Minotaur Fighter)           Turns: 669, Time: 00:05:06

Health: -2/27      AC:  7    Str: 20    XL:     2   Next: 58%
Magic:  1/1        EV:  9    Int:  5    God:
Gold:   3          SH:  4    Dex:  9    Spells: 1/1 levels left

rFire   . . .      SeeInvis .   a - +0 trident
rCold   . . .      Faith    .   c - +0 buckler
rNeg    . . .      Spirit   .   b - +0 scale mail
rPois   .          Reflect  .   (helmet restricted)
rElec   .          Harm     .   (no cloak)
rCorr   .          Rampage  .   (no gloves)
Will    .....                   (no boots)
Stlth   ..........              (no amulet)
HPRegen 0.09/turn               (no ring)
MPRegen 0.07/turn               (no ring)

@: no status effects
A: horns 2, retaliatory headbutt
a: no special abilities


You were on level 2 of the Dungeon.
You visited 1 branch of the dungeon, and saw 2 of its levels.

You collected 3 gold pieces.

Inventory:

Hand Weapons
 a - a +0 trident (weapon)
Armour
 b - a +0 scale mail (worn)
 c - a +0 buckler (worn)
Scrolls
 e - a scroll of enchant armour {unknown}
 f - 2 scrolls of identify {unknown}
 g - a scroll of fear {unknown}
 h - a scroll of magic mapping {unknown}
Potions
 d - a potion of might
 i - 2 potions of cancellation {unknown}


   Skills:
 * Level 4.0 Fighting
 + Level 2.6 Polearms
 + Level 4.0 Armour
 + Level 4.0 Shields


You had one spell level left.
You didn't know any spells.
Your spell library was empty.

Dungeon Overview and Level Annotations

Branches:
Dungeon (2/15)

Altars:
Qazlal


Innate Abilities, Weirdness & Mutations

You have a pair of horns on your head.
You reflexively headbutt those who attack you in melee.


Message History

i - 2 sapphire potions A giant cockroach comes into view.
The giant cockroach bites you but does no damage.
You closely miss the giant cockroach.
The giant cockroach bites you but does no damage. x2
You puncture the giant cockroach!
You kill the giant cockroach!
Your Armour skill increases to level 4!
Found a leather armour.
You see here a giant cockroach corpse.
A ball python comes into view.
Found a mace.
You closely miss the ball python. The ball python barely misses you.
You furiously retaliate!
You headbutt the ball python!
You kill the ball python!
A bat comes into view.
The bat barely misses you.
You barely miss the bat. The bat hits you but does no damage.
The bat barely misses you. You furiously retaliate!
You headbutt the bat!
You kill the bat!
Found 5 stones.
You enter the shallow water.
Moving in this stuff is going to be slow.
Done exploring.
There is a stone staircase leading down here.
You climb downwards.
The gnoll shouts! x3
Found a thick glowing staff.
Found a stormy altar of Qazlal.
There is a stone staircase leading up here.
There are monsters nearby!
There are monsters nearby!
There is a stone staircase leading up here.
The gnoll closely misses you. The gnoll hits you with a +0 halberd!
You closely miss the gnoll. The gnoll completely misses you.
The gnoll hits you from afar with a +0 halberd!
* * * LOW HITPOINT WARNING * * *
The gnoll hits you with a +0 halberd.
* * * LOW HITPOINT WARNING * * *
The gnoll attacks as you move away! The gnoll hits you with a +0 halberd!
You die...

######
#<@g.#.#
##g....#
#..g.|#
#.._....#
#.......#
#.....#.#
###.#.# #
...# ##.#


You could see 3 gnolls.

Vanquished Creatures
  2 ball pythons (D:1)
  2 endoplasms (D:1)
  3 giant cockroaches (D:1)
  2 goblins (D:1)
  A hobgoblin (D:1)
  5 bats (D:1)
  A frilled lizard (D:1)
  2 kobolds (D:1)
  A rat (D:1)
19 creatures vanquished.

Notes
Turn   | Place    | Note
-------+----------+-------------------------------------------
     0 | D:1      | Glafi the Minotaur Fighter began the quest for the Orb.
     0 | D:1      | Reached XP level 1. HP: 19/19 MP: 0/0
   332 | D:1      | Found a faded altar of an unknown god.
   346 | D:1      | Reached XP level 2. HP: 27/27 MP: 1/1
   663 | D:2      | Found a stormy altar of Qazlal.
   669 | D:2      | Slain by a gnoll

Illustrated notes

Levels and vault maps discovered:
D:1:      dpeg_arrival_simpleton_c, layout_loops_cross,
          chequers_ecumenical_altar_simple_redux, st_stairs_9, minivault_4
D:2:      layout_basic, basic_altar, chequers_serial_rivers_micro_d

Skill      XL: |  1  2 |
---------------+-------+-----
Shields        | 4 |  4.0
Fighting       | 4 |  4.0
Armour         | 4 |  4.0
Polearms       | |  2.6

Action                   || total
-------------------------++-------
Melee: Trident           ||    45
       Headbutt          ||     3
Armor: Scale mail        ||    28
Dodge: Dodged            ||    22
Block: Buckler           ||    10

Table legend: (Time is in decaauts)
 A = Elapsed time spent in this place.
 B = Non-inter-level travel time spent in this place.
 C = Inter-level travel time spent in this place.
 D = Time resting spent in this place.
 E = Time spent auto-exploring this place.
 F = Levels seen in this place.
 G = Mean time per level.
                   A        B        C        D        E       F      G
               +--------+--------+--------+--------+--------+-----+--------+
         Total |    678 |    665 |     13 |      0 |    543 |   2 |  339.0 |
       Dungeon |    678 |    665 |     13 |      0 |    543 |   2 |  339.0 |
               +--------+--------+--------+--------+--------+-----+--------+

Top non-repeatable levels by time:
     D:1: 672 daAuts
     D:2: 6 daAuts
